 Dungeon Crawl Stone Soup version 0.20.0-14-g326068f (webtiles) character file.

66 Deathclocker the Firebug (level 3, -5/19 HPs)
             Began as a Deep Elf Fire Elementalist on June 9, 2017.
             Killed by divine providence
             ... invoked by an orc priest
              (11 damage)
             ... on level 4 of the Dungeon.
             The game lasted 00:04:06 (2115 turns).

Deathclocker the Firebug (DEFE)                     Turns: 2115, Time: 00:04:07

Health: -5/19      AC:  3    Str:  5    XL:     3   Next: 96%
Magic:  2/10       EV: 13    Int: 20    God:
Gold:   254        SH:  0    Dex: 17    Spells: 8/9 levels left

rFire    . . .     SeeInvis .   h - +1 dagger
rCold    . . .     Gourm    .   (no shield)
rNeg     . . .     Faith    .   a - +0 robe
rPois    .         Spirit   .   (no helmet)
rElec    .         Reflect  .   (no cloak)
rCorr    .         Harm     .   o - +0 pair of gloves
MR       .....                  (no boots)
Stlth    ++........             (no amulet)
Regen    0.1/turn               i - +2 ring of dexterity
MPRegen  0.2/turn               (no ring)

@: very slightly contaminated
A: no striking features
a: no special abilities


You were on level 4 of the Dungeon.
You were not hungry.

You visited 1 branch of the dungeon, and saw 4 of its levels.

You collected 254 gold pieces.

Inventory:

Hand Weapons
 h - a +1 dagger (weapon)
Armour
 a - a +0 robe (worn)
 o - a +0 pair of gloves (worn)
Jewellery
 i - a +2 ring of dexterity (left hand)
 l - an uncursed ring of flight
Wands
 g - a wand of paralysis (14/24)
 q - a wand of flame (11/48)
 t - a wand of clouds (4/9)
Scrolls
 k - 3 scrolls of recharging
 n - 3 scrolls of enchant weapon
 u - a scroll of identify
Potions
 e - a potion of curing {unknown}
 f - a potion of brilliance {unknown}
 j - 4 potions of haste {unknown}
 p - a potion of flight {unknown}
 r - a potion of might {unknown}
 s - a potion of lignification {unknown}
Books
 b - a book of Flames

   Spells                             Type                      Level
   a - Flame Tongue                   Conjuration/Fire             1
   b - Throw Flame                    Conjuration/Fire             2
   c - Conjure Flame                  Conjuration/Fire             3
   d - Inner Flame                    Hexes/Fire                   3
   e - Sticky Flame                   Conjuration/Fire             4
   f - Fireball                       Conjuration/Fire             5
Comestibles
 c - 3 bread rations
 d - 3 royal jellies
 m - a meat ration
 w - 4 fruits


   Skills:
 + Level 2.6 Dodging
 + Level 2.7 Stealth
 + Level 3.6 Spellcasting
 + Level 1.5 Conjurations
 * Level 4.6 Fire Magic


You had 8 spell levels left.
You knew the following spells:

 Your Spells              Type           Power        Failure   Level  Hunger
a - Flame Tongue          Conj/Fire      ###..        3%          1    None


Dungeon Overview and Level Annotations

Branches:
Dungeon (4/15)
 Temple: D:4-7

Altars:
Nemelex Xobeh


Message History

You kill the orc!
The orc completely misses you.
Casting: Flame Tongue
Confirm with . or Enter, or press ? or * to list all spells.
Aiming: Flame Tongue
Press: ? - help, Shift-Dir - straight line, f - orc
Aim: an orc, wielding a dagger You miscast Flame Tongue.
Nothing appears to happen.
The orc completely misses you.
Casting: Flame Tongue
Confirm with . or Enter, or press ? or * to list all spells.
Aiming: Flame Tongue
Press: ? - help, Shift-Dir - straight line, f/p - orc
Aim: an orc, wielding a dagger The flame tongue hits the orc.
The orc is lightly wounded.
The orc priest calls down the wrath of Beogh upon you.
Beogh smites you!
Ouch! That really hurt!
You die...

... #..........#. #
##..####.###...#.##.
#...........##...#.##.
#..##.####.###...# ##.
#..........# ##.## #.
...........# #.# #.
........#..# ... #.
#.#####.#..# #.#
#....@.o#..#
#....!.o#.#..#
#.#######.#... #o#..#.
#.#?.#. ........#
........# #.......#
#.###.#.#


You could see an orc priest and an orc.

Vanquished Creatures
  An adder (D:3)
  An ooze (D:3)
  A worm (D:2)
  2 dart slugs
  6 orcs (D:4)
  7 goblins
  A hobgoblin (D:2)
  3 jackals (D:3)
  A quokka (D:3)
  A ball python (D:3)
  6 bats
  2 frilled lizards
  2 kobolds
  6 rats
40 creatures vanquished.

Notes
Turn   | Place    | Note
-------+----------+-------------------------------------------
     0 | D:1      | Deathclocker the Deep Elf Fire Elementalist began the quest for the Orb.
     0 | D:1      | Reached XP level 1. HP: 10/10 MP: 6/6
   735 | D:1      | Reached XP level 2. HP: 15/15 MP: 6/8
   758 | D:2      | Found a sparkling altar of Nemelex Xobeh.
  1083 | D:2      | Reached skill level 4 in Fire Magic
  1131 | D:3      | Reached XP level 3. HP: 19/19 MP: 7/9
  2115 | D:4      | Killed from afar by an orc priest

Skill      XL: |  1  2 |
---------------+-------+-----
Fire Magic     | 4 |  4.6
Dodging        | |  2.6
Stealth        | |  2.7
Spellcasting   | |  3.6
Conjurations   | |  1.5

Action                   || total
-------------------------++-------
Melee: Unarmed           ||     1
       Dagger            ||     1
 Cast: Flame Tongue      ||    76
  Use: Scroll            ||     7
  Eat: Chunk             ||     3
Armor: Robe              ||     4
Dodge: Dodged            ||    20
